 Dungeon Crawl Stone Soup version 0.29.1-15-g9cfb28693d (webtiles) character file.

Game seed: 14258703538929378119

1180 Smoke131 the Trooper (level 8, -4/130 HPs)
             Began as an Ogre Berserker on Mar 5, 2023.
             Was a Priest of Trog.
             Slain by a manticore (6 damage)
             ... on level 5 of the Dungeon.
             The game lasted 00:15:00 (7938 turns).

Smoke131 the Trooper (Ogre Berserker)               Turns: 7938, Time: 00:15:01

Health: -4/130     AC:  5    Str: 24    XL:     8   Next: 42%
Magic:  8/8        EV: 10    Int:  8    God:    Trog [***...]
Gold:   1381       SH:  0    Dex:  8    Spells: 7/7 levels left

rFire   . . .      SeeInvis .   a - +0 mace (flame)
rCold   . . .      Faith    .   (no shield)
rNeg    . . .      Spirit   .   b - +0 animal skin
rPois   .          Reflect  .   c - +2 hat
rElec   .          Harm     .   (no cloak)
rCorr   .          Rampage  .   (gloves unavailable)
Will    ++...                   (boots unavailable)
Stlth   ..........              (no amulet)
HPRegen 1.31/turn               (no ring)
MPRegen 0.11/turn               (no ring)

@: berserking, strong-willed, regenerating, very quick
A: large, unfitting armour, tough skin 1
a: Renounce Religion, Berserk, Trog's Hand


You were on level 5 of the Dungeon.
You worshipped Trog.
Trog was most pleased with you.
You visited 1 branch of the dungeon, and saw 6 of its levels.

You collected 1825 gold pieces.
You spent 444 gold pieces at shops.

Inventory:

Hand Weapons
 a - a +0 mace of flaming (weapon)
Missiles
 k - 55 stones (quivered)
Armour
 b - a +0 animal skin (worn)
 c - a +2 hat (worn)
 p - a +0 tower shield
Jewellery
 l - a +6 ring of intelligence
Wands
 d - a wand of iceblast (12)
 n - a wand of flame (13)
Scrolls
 g - 2 scrolls of summoning
 h - 3 scrolls of fog
 i - 7 scrolls of teleportation
 q - 2 scrolls of magic mapping
 r - a scroll of enchant weapon
 s - a scroll of poison
 t - a scroll of fear
Potions
 e - 2 potions of haste
 f - a potion of brilliance
 j - 5 potions of curing
 m - a potion of attraction
 v - a potion of flight


   Skills:
 + Level 7.5 Fighting
 + Level 5.1 Maces & Flails
 + Level 4.6 Throwing
 + Level 3.8 Armour
 - Level 3.0 Dodging


You had 7 spell levels left.
You didn't know any spells.
Your spell library was empty.

Dungeon Overview and Level Annotations

Branches:
Dungeon (6/15)
 Temple: D:4-7

Altars:
Fedhas
Gozag
Kikubaaqudgha
Trog
Uskayaw
Yredelemnul
The Shining One


Innate Abilities, Weirdness & Mutations

You are too large for most types of armour.
You have tough skin. (AC +1)


Message History

You start resting.
HP restored.
You climb downwards.
The manticore flicks its tail.
The volley of spikes hits you!
The barbed spikes become lodged in your body.
There is a stone staircase leading up here.
The barbs in your skin will harm you if you move.
Continue?
The scorpion closely misses you.
The barbed spikes dig painfully into your body as you move.
You climb upwards.
There is a stone staircase leading down here.
You start resting.
You carefully extract the barbed spikes from your body.
You start resting.
HP restored.
You climb downwards.
The manticore bites you! The manticore claws you.
The manticore claws you but does no damage.
The scorpion stings you but does no damage.
The manticore bites you. The manticore claws you. The manticore claws you!
There is a stone staircase leading up, spattered with blood here.
The scorpion stings you. The manticore bites you!
The manticore barely misses you. The manticore claws you!
The scorpion closely misses you.
You climb upwards.
There is a stone staircase leading down here.
Your skin crawls.
You feel strong-willed. The manticore bites you!
* * * LOW HITPOINT WARNING * * *
The manticore barely misses you. The manticore claws you!
* * * LOW HITPOINT WARNING * * *
The scorpion barely misses you.
A red film seems to cover your vision as you go berserk!
You feel yourself moving faster!
You feel mighty! The scorpion stings you.
* * * LOW HITPOINT WARNING * * *
The manticore bites you!!
* * * LOW HITPOINT WARNING * * *
The manticore claws you.
You die...

.## #..## #.....#..##...#
.#
#...####.......####..##
.## ##............##
##..# ..####....######..#
##.## .^..#..#### #..#
#..# .......## #..# ##.##
..#.....# #..# #..# ###
.###....## #.H# ##.###.#
.# #.....## #@.# #..#.##
####......#### #.s#
###..## #
#..........###..#
###..##.#
##....###........#
###...##### #...###
##.......####...###
##..## ###........##...##
....#####.....####.....##
....##.....#### ##...##
.........### #..##


You could see a manticore and a scorpion.

Vanquished Creatures
  A water moccasin (D:5)
  An ice beast (D:5)
  A black bear (D:4)
  2 ogres (D:5)
  A phantom (D:4)
  A bullfrog (D:6)
  A necrophage (D:5)
  A scorpion (D:5)
  A howler monkey (D:5)
  A bullfrog zombie (D:4)
  2 hounds (D:5)
  A jelly (D:4)
  A scorpion zombie (D:4)
  3 iguanas (D:5)
  2 hound zombies (D:4)
  6 adders
  A white imp (D:5)
  2 adder zombies (D:4)
  A worm (D:2)
  3 dart slugs
  2 orcs
  10 ball pythons
  6 endoplasms
  4 giant cockroaches
  11 goblins
  13 hobgoblins
  10 jackals
  9 kobolds
  3 quokkas
  11 bats
  7 frilled lizards
  10 rats
129 creatures vanquished.

Vanquished Creatures (others)
  An ogre (D:6)
  A scorpion (D:6)
  10 withered plants (D:4)
12 creatures vanquished.

Grand Total: 141 creatures vanquished

Notes
Turn   | Place    | Note
-------+----------+-------------------------------------------
     0 | D:1      | Smoke131 the Ogre Berserker began the quest for the Orb.
     0 | D:1      | Reached XP level 1. HP: 24/24 MP: 1/1
   180 | D:1      | Reached XP level 2. HP: 27/32 MP: 2/2
   321 | D:1      | Found a faded altar of an unknown god.
   867 | D:1      | Reached XP level 3. HP: 39/40 MP: 3/3
  1054 | D:1      | Reached skill level 1 in Throwing
  1648 | D:2      | Reached ** piety under Trog
  1807 | D:2      | Reached skill level 1 in Armour
  1826 | D:2      | Reached XP level 4. HP: 21/49 MP: 4/4
  2862 | D:3      | Found a blossoming altar of Fedhas.
  2893 | D:3      | Found an opulent altar of Gozag.
  3000 | D:3      | Found an ancient bone altar of Kikubaaqudgha.
  3558 | D:3      | Reached skill level 5 in Fighting
  3558 | D:3      | Reached XP level 5. HP: 47/57 MP: 5/5
  3725 | D:3      | Found a glowing golden altar of the Shining One.
  3801 | D:4      | Identified a scroll of acquirement
  3801 | D:4      | Acquired 975 gold pieces
  3935 | D:4      | Noticed a phantom
  3974 | D:4      | Killed a phantom
  4002 | D:4      | Reached *** piety under Trog
  4009 | D:4      | Reached XP level 6. HP: 8/66 MP: 6/6
  4144 | D:4      | Noticed a black bear
  4552 | D:4      | Found a bloodstained altar of Trog.
  5238 | D:4      | Killed a black bear
  5239 | D:4      | Reached skill level 6 in Fighting
  5239 | D:4      | Reached XP level 7. HP: 75/75 MP: 7/7
  5358 | D:5      | Entered Level 5 of the Dungeon
  5859 | D:5      | Found Dudaf's Magic Scroll Boutique.
  5866 | D:5      | Bought a scroll of identify for 22 gold pieces
  5866 | D:5      | Bought a scroll of teleportation for 33 gold pieces
  5866 | D:5      | Bought a scroll of identify for 22 gold pieces
  5866 | D:5      | Bought a scroll of teleportation for 33 gold pieces
  5866 | D:5      | Bought a scroll of magic mapping for 82 gold pieces
  5866 | D:5      | Bought a scroll of teleportation for 33 gold pieces
  5866 | D:5      | Bought a scroll of summoning for 104 gold pieces
  5866 | D:5      | Bought a scroll of teleportation for 33 gold pieces
  5866 | D:5      | Bought a scroll of enchant weapon for 82 gold pieces
  6420 | D:5      | Reached XP level 8. HP: 75/84 MP: 8/8
  6522 | D:5      | Reached skill level 7 in Fighting
  7033 | D:5      | Reached skill level 5 in Maces & Flails
  7600 | D:6      | Found a hide-covered altar of Uskayaw.
  7625 | D:6      | Found a basalt altar of Yredelemnul.
  7658 | D:6      | Acquired 384 gold pieces
  7741 | D:6      | Noticed a manticore
  7938 | D:5      | HP: 2/130 [manticore (20)]
  7938 | D:5      | Slain by a manticore

Illustrated notes

Levels and vault maps discovered:
D:1:      saegor_arrival_simple_d, layout_rooms,
          hellmonk_ecumenical_altar_inner_sanctum
D:2:      cheibrodos_greedy_goblins, layout_rooms
D:3:      minmay_bubble_buster, layout_loops_ring, kiku_gazebo_pond_becter,
          grunt_gozag_breadcrumbs, tso_altar, fedhas_ov_isle_minmay
D:4:      layout_loops_ring, trog_butcher_becter, serial_undead,
          serial_undead_b, serial_undead_f, serial_undead_b, serial_undead_f,
          eino_tiny_chamber
D:5:      kennysheep_spiral_hall, layout_layer_cave, serial_shops, shop,
          minmay_holes
D:6:      layout_gridville, xom_confusion_cloud,
          mainiacjoe_overflow_concentric_impassable, kennysheep_mini_moat,
          mainiacjoe_overflow_alcove_2, temple_fountains, nicolae_grassy_gnolls

Skill      XL: |  1  2  3  4  5  6  7  8 |
---------------+-------------------------+-----
Throwing       | 1 2 3 4 |  4.6
Dodging        | 3 |  3.0
Maces & Flails | 3 4 5 |  5.1
Armour         | 1 2 3 |  3.8
Fighting       | 5 6 7 |  7.5

Action                   |  1- 3 |  4- 6 |  7- 9 || total
-------------------------+-------+-------+-------++-------
Melee: Mace              |   160 |   258 |    88 ||   506
       Punch             |       |     2 |       ||     2
Throw: Stone             |       |     3 |     1 ||     4
Invok: Berserk           |       |     4 |     3 ||     7
       Trog's Hand       |       |     1 |     1 ||     2
  Use: Scroll            |       |     9 |     6 ||    15
       Potion            |       |     3 |       ||     3
Armor: Animal skin       |    64 |   134 |    24 ||   222
Dodge: Dodged            |   106 |   190 |    42 ||   338
Block: Tower shield      |       |     2 |     5 ||     7
